 Dungeon Crawl Stone Soup version 0.29-a0-555-g3b24f45cc1 (webtiles) character file.

Game seed: 11344092703592822572

35 Crownlay the Grave Robber (level 3, -1/26 HPs)
             Began as a Hill Orc Necromancer on June 7, 2022.
             Slain by Jessica
             ... wielding a +5 spectral club
              (6 damage)
             ... on level 3 of the Dungeon.
             The game lasted 00:03:26 (1905 turns).

Crownlay the Grave Robber (Hill Orc Necromancer)    Turns: 1905, Time: 00:03:27

Health: -1/26      AC:  4    Str: 10    XL:     3   Next: 33%
Magic:  0/5        EV: 12    Int: 17    God:
Gold:   13         SH:  0    Dex: 11    Spells: 4/5 levels left

rFire   + . .      SeeInvis .   i - staff of fire
rCold   . . .      Faith    .   (no shield)
rNeg    . . .      Spirit   .   a - +0 robe
rPois   .          Reflect  .   m - +0 helmet
rElec   .          Harm     .   (no cloak)
rCorr   .          Rampage  .   j - +0 pair of gloves
Will    .....                   (no boots)
Stlth   ++........              (no amulet)
HPRegen 0.08/turn               (no ring)
MPRegen 0.09/turn               (no ring)

@: slowed, very slow
A: no striking features
a: no special abilities


You were on level 3 of the Dungeon.
You visited 1 branch of the dungeon, and saw 3 of its levels.

You collected 87 gold pieces.
You spent 74 gold pieces at shops.

Inventory:

Armour
 a - a +0 robe (worn)
 j - a +0 pair of gloves (worn)
 m - a +0 helmet (worn)
Magical Staves
 i - a staff of fire (weapon)
Scrolls
 e - a scroll of teleportation {unknown}
 f - 2 scrolls of enchant weapon {unknown}
 g - 2 scrolls of identify {unknown}
 k - a scroll of magic mapping
 l - a scroll of vulnerability {unknown}
Potions
 b - a potion of magic
 c - 3 potions of invisibility {unknown}
 d - a potion of haste {unknown}
 h - a potion of lignification {unknown}
 n - a potion of heal wounds {unknown}
 o - a potion of brilliance {unknown}


   Skills:
 + Level 2.0 Dodging
 - Level 1.5 Stealth
 + Level 1.9 Spellcasting
 * Level 4.6 Necromancy


You had 4 spell levels left.
You knew the following spells:

 Your Spells              Type           Power      Damage    Failure   Level
a - Necrotize             Necr           68%        1d7       3%          1

Your spell library contained the following spells:

 Spells                   Type           Power      Damage    Failure   Level
 Vampiric Draining        Necr           17%        2d7       9%          3
 Animate Dead             Necr           17%        N/A       28%         4
 Agony                    Necr           17%        N/A       63%         5


Dungeon Overview and Level Annotations

Branches:
Dungeon (3/15)

Altars:

Shops:
D:2 (?!(

Annotations:
D:3 Jessica


Message History

Confirm with . or Enter, or press ? or * to list all spells.
Aiming: Necrotize (safe; 3% risk of failure)
Press: ? - help, Shift-Dir - straight line, f/p - orc
Aim: an orc, wielding a +0 flail and wearing a +0 ring mail (heavily wounded, chance to affect: 87%)
The goblin barely resists.
The goblin hits you but does no damage.
Your orc skeleton barely misses the orc.
The goblin misses you.
There are monsters nearby!
Unknown command.
You hit the goblin.
The goblin is moderately wounded.
Your orc skeleton hits the orc.
The goblin hits you but does no damage.
Your orc skeleton hits the orc.
You barely miss the goblin.
The goblin is moderately wounded.
The goblin closely misses you. The goblin misses you.
The orc hits your orc skeleton with a +0 short sword.
Your orc skeleton hits the orc.
You hit the goblin.
You kill the goblin!
Your orc skeleton barely misses Jessica.
A hobgoblin comes into view.
The orc misses you.
Your orc skeleton barely misses Jessica.
You hit the orc.
You kill the orc!
The orc hits your orc skeleton with a +0 flail.
Jessica hits you with a +5 spectral club.
* * * LOW HITPOINT WARNING * * *
Casting: Necrotize (safe; 3% risk of failure)
Confirm with . or Enter, or press ? or * to list all spells.
Aiming: Necrotize (safe; 3% risk of failure)
Press: ? - help, Shift-Dir - straight line, f - Jessica, p - orc
Aim: Jessica, wielding a +5 spectral club and wearing a +0 robe (ally target, chance to affect: 81%) Jessica writhes in agony!
The orc hits your orc skeleton with a +0 short sword.
The orc hits your orc skeleton with a +0 flail.
Your orc skeleton is destroyed!
Jessica hits you with a +5 spectral club.
You die...

#.#.!..##+###
............
#.........#
#..)......#
#..g......#
#.o.......#
#.o.......#
#@#+#.....#
#@#.###+#.#
#.#.# .
#.#.#####.#
#.........#
###.#######
#.# #.###
#...# #...#


You could see Jessica, 2 orcs and a hobgoblin.

Vanquished Creatures
  An adder (D:2)
  2 orcs (D:3)
  2 ball pythons (D:1)
  3 bats
  A giant cockroach (D:2)
  4 goblins
  2 hobgoblins (D:1)
  2 kobolds
  A quokka (D:2)
  2 frilled lizards
  A rat (D:2)
21 creatures vanquished.

Notes
Turn   | Place    | Note
-------+----------+-------------------------------------------
     0 | D:1      | Crownlay the Hill Orc Necromancer began the quest for the
                  | Orb.
     0 | D:1      | Reached XP level 1. HP: 14/14 MP: 3/3
   272 | D:1      | Reached XP level 2. HP: 20/20 MP: 2/4
   420 | D:1      | Found a faded altar of an unknown god.
  1210 | D:2      | Found Gejoemadu's Magic Scroll Emporium.
  1216 | D:2      | Reached XP level 3. HP: 26/26 MP: 3/5
  1238 | D:2      | Bought a scroll of noise for 14 gold pieces
  1238 | D:2      | Bought a scroll of magic mapping for 49 gold pieces
  1252 | D:2      | Found Kahoud's Distillery.
  1267 | D:2      | Bought a potion of degeneration for 11 gold pieces
  1351 | D:2      | Found Atiles's Weapon Shoppe.
  1518 | D:2      | Found Faarux's Antique Weapon Boutique.
  1891 | D:3      | Noticed Jessica
  1905 | D:3      | Slain by Jessica

Illustrated notes

Levels and vault maps discovered:
D:1:      ncdulo_halloftheorcs, layout_basic,
          hellmonk_ecumenical_altar_heavens_door, hangedman_glass_garden,
          minmay_3d_cube
D:2:      layout_loops_ring, serial_shops, shop, nicolae_shop_waterfront,
          nicolae_shop_hallway_stairs, nicolae_square_shop,
          nicolae_figureground_sparkle
D:3:      layout_basic, minmay_lizard_king, uniq_jessica, uniq_natasha

Skill      XL: |  1  2  3 |
---------------+----------+-----
Dodging        | 2 |  2.0
Stealth        | |  1.5
Spellcasting   | |  1.9
Necromancy     | |  4.6

Action                   || total
-------------------------++-------
Melee: Unarmed           ||     8
       Staff             ||    11
 Cast: Necrotize         ||    38
Armor: Robe              ||    11
Dodge: Dodged            ||    31

Table legend: (Time is in decaauts)
 A = Elapsed time spent in this place.
 B = Non-inter-level travel time spent in this place.
 C = Inter-level travel time spent in this place.
 D = Time resting spent in this place.
 E = Time spent auto-exploring this place.
 F = Levels seen in this place.
 G = Mean time per level.
                   A        B        C        D        E       F      G
               +--------+--------+--------+--------+--------+-----+--------+
         Total |   1910 |   1846 |     64 |      0 |   1658 |   3 |  636.7 |
       Dungeon |   1910 |   1846 |     64 |      0 |   1658 |   3 |  636.7 |
               +--------+--------+--------+--------+--------+-----+--------+

Top non-repeatable levels by time:
     D:1: 954 daAuts
     D:2: 915 daAuts
     D:3: 41 daAuts
